[Event "Chpt France Universitaire 2024"]
[Site "Bastia, France"]
[Date "2024.04.06"]
[Round "1.1"]
[White "Rakotomaharo, Fy Antenaina"]
[Black "Gadimov, Emil"]
[Result "1-0"]
[TimeControl "15min+5s"]
[WhiteElo "2448"]
[BlackElo "1701"]

1. e4 e5 2. Nf3 Nc6 3. Bb5 Bc5 4. c3 Nf6 5. O-O O-O 6. d4 exd4 7. cxd4 Bb6 8. e5 Ne4 9. d5 Ne7 10.
Bd3 Nc5 11. Bxh7+ Kh8 12. Ng5 g6 13. Qf3 Nf5 14. Qh3 Kg7 15. Bxg6 Rh8 16. Qxf5 fxg6 17. Qf7+ Kh6 18. Ne6+ Kh5 19.
Qf3+ Kh4 20. g3+ Kh3 21. Nf4# 1-0

[Event "Chpt France Universitaire 2024"]
[Site "Bastia, France"]
[Date "2024.04.06"]
[Round "1.2"]
[White "Bruguier, Florian"]
[Black "Gatineau, Yovann"]
[Result "0-1"]
[TimeControl "15min+5s"]
[WhiteElo "1739"]
[BlackElo "2408"]

1. f4 d5 2. Nf3 g6 3. e3 Bg7 4. d4 Nf6 5. Bd3 O-O 6. Nc3 c5 7. dxc5 Nc6 8. O-O Qa5 9. Qe1 Qxc5 10.
Kh1 Nb4 11. a3 Nxd3 12. cxd3 b6 13. Bd2 Ba6 14. b4 Qd6 15. b5 Bb7 16. Ne2 a5 17. a4 Rac8 18. Rc1 Nd7 19. d4 Rc4 20. Rxc4 dxc4 21. Bc3 Nf6 22. Nd2 Qd5 23.
Rg1 Ne4 24. Nxe4 Qxe4 25. Ng3 Qc2 26.
Qa1 h5 27. Nf1 Qf5 28. Qe1 Qc2 29. Qa1 Rc8 30. Nd2 Qf5 31. Qb1 Qg4 32. Qd1 Qe6 33. Re1 Rd8 34. Qe2 h4 35. Kg1 h3 36.
gxh3 Qd5 37. e4 Bxd4+ 38. Kf1 Qd7 39. Bxd4 Qxh3+ 40. Kg1 Rxd4 41. Nxc4 Rxe4 42. Qxe4 Bxe4 43. Rxe4 Qd3 44. Nxb6 Qxe4 45.
Nd7 Qe1+ 46. Kg2 Qd2+ 47. Kf3 Qxd7 48. Ke4 Qd1 49. Ke3 Qxa4 0-1

[Event "Chpt France Universitaire 2024"]
[Site "Bastia, France"]
[Date "2024.04.06"]
[Round "1.3"]
[White "Mathieu, Phileas"]
[Black "Barriere, Matteo"]
[Result "1-0"]
[TimeControl "15min+5s"]
[WhiteElo "2325"]
[BlackElo "1199"]

1. e4 e6 2. d4 d5 3. Nc3 Nf6 4. e5 Nfd7 5. Nce2 c5 6. c3 Nc6 7. Nf3 Be7 8. a3 b6 9. Nf4 a5 10.
Bb5 Qc7 11. Qa4 Na7 12. Bd3 Nc6 13. Be3 Ba6 14. Bxa6 Rxa6 15. h4 Na7 16. Rh3 cxd4 17. cxd4 Qc6 18. Qd1 b5 19. h5 h6 20. Rg3 Rg8
21. Rc1 Qb7 22. Nd3 b4 23. a4 Nb8 24. Bxh6 Bf8 25. Be3 Rh8 26. Rh3 Nbc6 27. b3
Qb6 28. Qc2 Ne7 29. Nc5 Nf5 30. Nxa6 Qxa6 31. g4 Nh6 32. Bxh6 gxh6 33. Qe2 Qb7
34. Qc2 Kd7 35. g5 hxg5 36. Nxg5 Bh6 37. Rf3 Qa6 38. Rxf7+ Ke8 39. Rxa7 Qxa7 40.
Qc8+ Ke7 41. Qxe6+ 1-0

[Event "Chpt France Universitaire 2024"]
[Site "Bastia, France"]
[Date "2024.04.06"]
[Round "1.4"]
[White "Lerdu, Gaspard"]
[Black "Defromont, Benjamin"]
[Result "0-1"]
[TimeControl "15min+5s"]
[WhiteElo "1706"]
[BlackElo "2393"]

1. d4 Nf6 2. c4 c5 3. d5 e6 4. Nc3 exd5 5. cxd5 d6 6. Bg5 h6 7. Bxf6 Qxf6 8. Nf3 a6 9. a4 g5 10.
e4 Bg7 11. Qb3 O-O 12. h3 Nd7 13. Bd3 Rb8 14. O-O-O b5 15. axb5 axb5 16. Bb1 b4 17. Ne2 Ba6 18. Rhe1 c4 19.
Qc2 Nc5 20. Ned4 Rfc8 21. e5 dxe5 22. Rxe5 Nb3+ 23. Nxb3 cxb3 24. Qxc8+ Rxc8+ 25. Kd2 Qf4+ 26. Ke1 Bxe5 27. Nxe5 Qxe5+ 28. Kd2 Qe2# 0-1

[Event "Chpt France Universitaire 2024"]
[Site "Bastia, France"]
[Date "2024.04.06"]
[Round "1.5"]
[White "Harutyunyan, Safar"]
[Black "Huguet, Alexandre"]
[Result "1-0"]
[TimeControl "15min+5s"]
[WhiteElo "2266"]
[BlackElo "1775"]

1. e4 g6 2. d4 Bg7 3. Nc3 c6 4. Nf3 d5 5. h3 dxe4 6. Nxe4 Nd7 7. Bc4 Ngf6 8. Nxf6+ Nxf6 9. O-O O-O 10.
Re1 b5 11. Bf1 e6 12. Ne5 Bb7 13. c3 Nd7 14. Nd3 Re8 15. Bf4 Qb6 16. a4 a5 17. Qd2 Bf8 18. h4 h5 19. Ne5 Nxe5 20.
Bxe5 Be7 21. Qh6 1-0

[Event "Chpt France Universitaire 2024"]
[Site "Bastia, France"]
[Date "2024.04.06"]
[Round "1.6"]
[White "Akriche-Giubert, Thomas"]
[Black "Dalaud, Dorian"]
[Result "0-1"]
[TimeControl "15min+5s"]
[WhiteElo "1776"]
[BlackElo "2307"]

1. d4 Nf6 2. Bg5 c5 3. Bxf6 gxf6 4.
d5 f5 5.
Nf3 Bg7 6. c3 d6 7. a4 Nd7 8. e3 Nf6 9. Bb5+ Kf8 10. O-O Rg8 11. Re1 a6 12. Bc4 b6 13. Nbd2 Bb7 14. e4 b5 15.
axb5 axb5 16. Rxa8 Qxa8 17. Bxb5 fxe4 18. Nxe4 Nxe4 19. Rxe4 Bxd5 20. Ra4 Qb7 21. Be2 Bf6 22. Qa1 Rg6 23.
Ra7 Qc6 24. Ra6 Qd7 25. Bd3 Bxf3 26. Bxg6 Qg4 27. Ra8+ Kg7 28. Kf1 Qxg2+ 29. Ke1 Bxa8 30. Bd3 Qg1+ 31. Bf1 Bg2 32. Qa6 Qxf1+ 33. Qxf1 Bxf1 34. Kxf1 c4 35. Ke2 Bg5 36. Kf3 Bc1 37. Ke4 e6 38. Kd4 d5 39. Kc5 Bxb2 40. Kd4 0-1

[Event "Chpt France Universitaire 2024"]
[Site "Bastia, France"]
[Date "2024.04.06"]
[Round "1.7"]
[White "Gryshko, Vitalii"]
[Black "Goudet, Florian"]
[Result "1-0"]
[TimeControl "15min+5s"]
[WhiteElo "2288"]
[BlackElo "1199"]

1. Nf3 c5 2. e4 Nc6 3. d4 cxd4 4.
Nxd4 g6 5. c4 Bg7 6. Nc2 Nf6 7. Nc3 O-O 8. Be2 d6 9. O-O Be6 10. f4 Rc8 11. f5 Bd7 12. Be3 Ne5 13. b3 Bc6 14.
Bd3 Nfd7 15. Rc1 Nxc4 16. Bxc4 Bxc3 17. Nd4 Bxd4 18. Qxd4 Ne5 19. Bh6 Qb6 20. Qxb6 axb6 21. Bxf8 Rxf8 22. fxg6 hxg6 23. Bd5 Kg7 24.
Rc3 Ra8 25. a4 Ra5 26. Rd1 Kf8 27. Rd4 Ke8 28. Bxc6+ bxc6 29. Rb4 Ra6 30. Rd4 Kd7 31. Kf2 Ra8 32. h3 Rh8 33. b4 Ra8 34.
Ra3 b5 35. a5 Kc7 36. Rc3 Kb7 37. g4 Rh8 38.
Rd1 Ka6 39. Kg3 g5 40. Rh1 Rh4 41. Rf1 Rh7 42. Rf5 f6 43. Rxe5 dxe5 44. Rxc6+ Kb7 45. Rb6+ Ka7 46. Rxb5 Rh8 47. Rd5 Kb7 48. b5 Ra8 49. a6+ Kc7 50. h4 gxh4+ 51. Kxh4 Rh8+ 52. Kg3 Rh1 53. Rc5+ Kb6 54. Rc8 Kxb5 55. a7 1-0

[Event "Chpt France Universitaire 2024"]
[Site "Bastia, France"]
[Date "2024.04.06"]
[Round "1.8"]
[White "Sudja, Corentin"]
[Black "Eveno, Nathan"]
[Result "0-1"]
[TimeControl "15min+5s"]
[WhiteElo "1790"]
[BlackElo "2192"]

1. d4 d5 2. c4 e6 3. Nf3 c6 4. Qc2 dxc4 5. Qxc4 b5 6. Qc2 Bb7 7. g3 Nd7 8. Nc3 Rc8 9. Bg2 c5 10.
Nxb5 Qa5+ 11. Nc3 cxd4 12. Bd2 dxc3 13. Bxc3 Bb4 14. O-O Bxc3 15. bxc3 Ngf6 16. Rfd1 O-O 17. h4 Rxc3 18. Qd2 Qc7 19.
Rab1 Bd5 20. Bh3 Bxf3 21. exf3 Ne5 22. Kh1 Nxf3 23. Qe2 Nxh4 24. Qa6 Ne4 25. Rf1 Nxg3+ 26. fxg3 Qxg3 0-1

[Event "Chpt France Universitaire 2024"]
[Site "Bastia, France"]
[Date "2024.04.06"]
[Round "1.9"]
[White "Maache, Jawad"]
[Black "Peuziat, Nathan"]
[Result "1-0"]
[TimeControl "15min+5s"]
[WhiteElo "2154"]
[BlackElo "1588"]

1. d4 Nf6 2. Nc3 g6 3. Bf4 b6 4. e4 Bg7 5. e5 Ng8 6. Qf3 Nc6 7. O-O-O e6 8. d5 Na5 9. dxe6 Bb7 10.
exf7+ Kxf7 11. Qh3 Bc8 12. Nf3 Ne7 13. e6+ Kf8 14. exd7 Bb7 15. Ng5 1-0

[Event "Chpt France Universitaire 2024"]
[Site "Bastia, France"]
[Date "2024.04.06"]
[Round "1.10"]
[White "Porteix, Come"]
[Black "Cahen, Alexis"]
[Result "0-1"]
[TimeControl "15min+5s"]
[WhiteElo "1199"]
[BlackElo "2060"]

1. e4 c5 2. c3 d5 3. exd5 Qxd5 4. d4 Nf6 5. Nf3 Nc6 6. c4 Qe4+ 7. Be3 cxd4 8. Nxd4 Bg4 9. Nf3 Rd8 10.
Nbd2 Qg6 11. Qb3 Rd7 12. Rd1 e5 13. Bxa7 e4 14. Qe3 Be7 15. Nd4 Bxd1 16. Nxc6 bxc6 17. Kxd1 Bb4 18. Bd4 c5 19.
Bc3 Ng4 20. Qf4 Bxc3 21. bxc3 O-O 22. Ke1 Rfd8 23. Nxe4 Re7 24. f3 f5 25. Be2 fxe4 26. fxe4 Qxe4 27. Qxe4 Rxe4 28. h3 Rde8 29.
hxg4 Rxe2+ 30. Kf1 Rxa2 31. Rh5 Ra5 32. Kf2 g6 33. Rd5 Re4 34. Kf3 Rxc4 35. Rd8+ Kg7 36. Rd7+ Kh6 37. Kg3 Rxc3+ 38. Kh4 g5# 0-1

[Event "Chpt France Universitaire 2024"]
[Site "Bastia, France"]
[Date "2024.04.06"]
[Round "1.11"]
[White "Budak, Rewi"]
[Black "Giraud, Hugues"]
[Result "1-0"]
[TimeControl "15min+5s"]
[WhiteElo "2112"]
[BlackElo "1650"]

1. e4 e6 2. d4 d5 3. Nd2 c5 4. Ngf3 b6 5. exd5 exd5 6. Bb5+ Bd7 7. Qe2+ Be7 8. O-O Nf6 9. Ne5 O-O 10.
Nxd7 Nbxd7 11. c3 a6 12. Bxa6 Re8 13. Bd3 Bd6 14. Qf3 Nf8 15. Bb5 Re7 16. Rd1 c4 17. b3 Ra5 18. bxc4 dxc4 19.
Bxc4 Rh5 20. g3 Ng6 21. Nf1 Qc7 22. Bb3 Ne4 23. Qxh5 Nxc3 24. Bg5 Ne2+ 25. Kh1 Rd7 26. Qxe2 h6 27.
Qe4 Kh7 28. Rac1 Qb8 29. Be3 Re7 30. Qf3 Qa7 31. Rc6 Be5 32. dxe5 Nxe5 33. Qe4+ g6 34. Rxb6 Qa3 35. Bxf7 Nxf7 36.
Qxg6+ Kh8 37. Rb8+ Re8 38. Bd4+ Ne5 39. Rxe8+ Qf8 40. Bxe5# 1-0

[Event "Chpt France Universitaire 2024"]
[Site "Bastia, France"]
[Date "2024.04.06"]
[Round "1.12"]
[White "Milesi, Antonin"]
[Black "Roux, Baptiste"]
[Result "0-1"]
[TimeControl "15min+5s"]
[WhiteElo "1681"]
[BlackElo "2361"]

1. e4 c5 2. Nf3 a6 3. d4 cxd4 4. Nxd4 Nf6 5. Nc3 e5 6. Nde2 Bc5 7. Ng3 d6 8. Be2 h6 9. O-O O-O 10. Nd5 Nxd5 11. Qxd5 Nc6 12.
c3 Be6 13. Qd3 b5 14. Be3 Qb6 15. Bxh6 gxh6 16. b4 Nxb4 17. cxb4 Bxb4 18. Nh5 Qd8 19. f4 Kh8 20. Kh1 Bc4 21. Qd1 Bxe2 22. Qxe2 Bc3 23.
Rad1 Bd4 24. Rd3 Qe7 25. Rh3 Rg8 26. Qd2 Rg6 27. f5 Qg5 28. fxg6 Qxd2 29. g7+ Kg8 30. Rg3 Qg5 31. Nf6+ Kxg7 32.
Rxg5+ hxg5 33. Nd5 Rc8 34. h3 Rc2 35.
a4 bxa4 36. Nb4 Re2 37. Rf3 Rxe4 0-1

[Event "Chpt France Universitaire 2024"]
[Site "Bastia, France"]
[Date "2024.04.06"]
[Round "2.1"]
[White "Blanquet, Camille"]
[Black "Rakotomaharo, Fy Antenaina"]
[Result "0-1"]
[TimeControl "15min+5s"]
[WhiteElo "2035"]
[BlackElo "2448"]

1. d4 d5 2. Nf3 Nf6 3. c4 e6 4. Nc3 dxc4 5. g3 c5 6. Bg2 Nc6 7. dxc5 Qxd1+ 8. Nxd1 Bxc5 9. O-O O-O 10.
Be3 Bb6 11. Rc1 Nd5 12. Rxc4 Nxe3 13. Nxe3 Bxe3 14. fxe3 e5 15. Rc5 f6 16. Nd2 Be6 17. Bxc6 bxc6 18. Rxc6 Bd5 19. Rc7 Rfd8 0-1

[Event "Chpt France Universitaire 2024"]
[Site "Bastia, France"]
[Date "2024.04.06"]
[Round "2.2"]
[White "Gatineau, Yovann"]
[Black "Soreda, Matteo"]
[Result "1-0"]
[TimeControl "15min+5s"]
[WhiteElo "2408"]
[BlackElo "1954"]

1. d4 Nf6 2. c4 e5 3. dxe5 Ng4 4.
Nf3 Bc5 5. e3 Nc6 6. Be2 Ngxe5 7. Nc3 O-O 8. O-O Nxf3+ 9. Bxf3 Ne5 10. Be2 a5 11. Ne4 Ba7 12. b3 Qh4 13. Ng3 d6 14.
Bb2 Re8 15. Qc2 Bg4 16. Nf5 Bxf5 17. Qxf5 Re6 18. g3 Qh6 19. Rad1 Rae8 20. Kg2 Bc5 21. Rd5 Rf6 22. Qe4 Rfe6 23.
Bxe5 Rxe5 24. Rxe5 Rxe5 25. Qxb7 g6 26. Qxc7 Qf8 27. Bf3 Qe8 28. Rd1 Qe6 29. Qxa5 Bxe3 30. Qa8+ Kg7 31. fxe3 Rxe3 32.
Qd5 Re2+ 33. Bxe2 Qxe2+ 34. Kh1 1-0

[Event "Chpt France Universitaire 2024"]
[Site "Bastia, France"]
[Date "2024.04.06"]
[Round "2.3"]
[White "Crook, Oliver-James"]
[Black "Mathieu, Phileas"]
[Result "0-1"]
[TimeControl "15min+5s"]
[WhiteElo "1924"]
[BlackElo "2325"]

1. d4 Nf6 2. Bg5 c5 3. d5 b5 4. Bxf6 exf6 5. e4 g6 6. h4 Bg7 7. Nd2 b4 8. Ngf3 O-O 9. Bc4 d6 10.
O-O Nd7 11. a3 a5 12. axb4 cxb4 13. Bb5 Nc5 14. Bc6 Ra7 15. c3 bxc3 16. bxc3 f5 17. Qc2 fxe4 18. Nd4 Ba6 19. Rfe1 Bd3 20.
Qb2 Qxh4 21. Re3 Be5 22. Rh3 Qg5 23. Nf1 a4 24. Ne3 f5 25. Qb6 Re7 26. Ne6 Nxe6 27. dxe6 f4 28. Nd5 Rxe6 29.
Bd7 Re7 30. Nxe7+ Qxe7 31. Bxa4 Kh8 32. Bb3 Bg7 33. Ra7 Qf6 34. Qc6 e3 35. fxe3 fxe3 36. Rf3 e2 37. Ra1 Qe5 38. Rxf8+ Bxf8 39.
Re1 Qg3 40. Rxe2 Bxe2 41. Qe8 Qe1+ 42. Kh2 Qh4+
43. Kg1 Qe1+ 44. Kh2 Qf1
45. Qe6 Qf4+ 46. Kh1 Qf1+ 47. Kh2 Kg7 0-1

[Event "Chpt France Universitaire 2024"]
[Site "Bastia, France"]
[Date "2024.04.06"]
[Round "2.4"]
[White "Defromont, Benjamin"]
[Black "Morison, Julien"]
[Result "1/2-1/2"]
[TimeControl "15min+5s"]
[WhiteElo "2393"]
[BlackElo "1926"]

1. e4 e5 2. Nf3 Nc6 3. Bb5 g6 4. d4 Nxd4 5. Nxd4 exd4 6. Qxd4 Qf6 7. Qd3 c6 8. Bc4 b5 9. Bb3 a5 10.
a4 b4 11. Bc4 Bg7 12. O-O Ne7 13. Nd2 O-O 14. Nf3 d5 15. exd5 cxd5 16. Bb5 Bf5 17. Qe2 Be4 18. Bg5 Qe6 19. Rab1 Nf5 20. Rfd1 h6 21.
Be3 Rac8 22. Ne1 Nxe3 23. fxe3 b3 24. cxb3 Bxb1 25. Rxb1 d4 26. exd4 Bxd4+ 27. Kh1 Qxe2 28. Bxe2 Rfe8 29.
Bc4 Bxb2 30. Nd3 Bd4 31. Rf1 Rc7 32. Nf4 Kg7 33. Nd5 Rb7 34. g4 Rd8 35. Kg2 Rbd7 36. Nf4 Be5 37. Ne2 Bf6 38. Rf4 Rd2 39. h4 Re8 40.
Kf3 Re7 41. h5 Bg5 42. Re4 Rxe4 43. Kxe4 gxh5 44. gxh5 Rd1 45. Nd4 Rh1 46. Be2 Kf6 47. Kd3 Rh4 48. Nc6 Rh3+ 49. Kc2 Re3 50.
Bd1 Ke6 51. Nxa5 f5 52. Nc4 Re4 53.
a5 Kd7 54. a6 Kc7 55. Bf3 Rxc4+ 56. bxc4 Kb6 57. Bb7 f4 58. Kd3 Ka7 59. Ke4 Kb6 60. c5+ Ka7 61. c6 Kb6 62. Kf3 Bd8 63. Kxf4 Bc7+ 64. Kf5 Ka7 65. Kg6 Bf4 66. Kf6 Kb6 67. Ke6 Bc7 68. Kd7 Bf4 69. Kc8 Bc7 70. Ba8 Bf4 71. Kd7 Bg3 72. a7 Kxa7 73. c7 Bxc7 74. Kxc7 Kxa8 75. Kc8 Ka7 76. Kd7 Kb7 77. Ke6 Kc8 78. Kf6 Kd8 79. Kg7 Ke7 80. Kxh6 Kf6 81. Kh7 Kf7 82. h6 Kf8 83. Kg6 Kg8 84. h7+ Kh8 85. Kf7 Kxh7 1/2-1/2

[Event "Chpt France Universitaire 2024"]
[Site "Bastia, France"]
[Date "2024.04.06"]
[Round "2.6"]
[White "Dalaud, Dorian"]
[Black "Fischer, Thorange"]
[Result "1-0"]
[TimeControl "15min+5s"]
[WhiteElo "2307"]
[BlackElo "1924"]

1. e4 c5 2. Nf3 Nc6 3. Bb5 g6 4. O-O Bg7 5. Bxc6 dxc6 6. d3 Nf6 7. a4 Bg4 8. Nbd2 Nd7 9. h3 Bxf3 10.
Nxf3 e5 11. a5 O-O 12. h4 Re8 13. h5 gxh5 14. g3 Bf6 15. Nh2 h4 16. Qh5 Nf8 17. Ng4 Ng6 18. Be3 Kh8 19. Qf5 Bg7 20.
Bxc5 Qc8 21. Qh5 Qd8 22. Kg2 Rg8 23. Rh1 Qd7 24. Be3 Raf8 25. Nh6 Bxh6 26. Bxh6 Nf4+ 27. Bxf4 exf4 28. Rxh4 Rg7 29.
Rxf4 Qd4 30. Rb1 Qa4 31. b3 Qa2 32. Rh1 Qxc2 33. Qe5 Kg8 34. Rhh4 Qxb3 35. Rfg4 f6 36. Qe7 Qf7 37. Rxg7+ Qxg7 38. Qe6+ Qf7 39. Rg4+ Kh8 40. Qf5 Rg8 41. Rh4 Rg5 42.
Qc8+ Kg7 43. Qd8 h5 44. Rf4 Rxa5 45. Qxa5 1-0

[Event "Chpt France Universitaire 2024"]
[Site "Bastia, France"]
[Date "2024.04.06"]
[Round "2.7"]
[White "Rollot, Florence"]
[Black "Gryshko, Vitalii"]
[Result "1/2-1/2"]
[TimeControl "15min+5s"]
[WhiteElo "2010"]
[BlackElo "2288"]

1. Nf3 c5 2. c4 Nc6 3. g3 g6 4. Bg2 Bg7 5.
O-O e6 6. Nc3 Nge7 7. d3 O-O 8. Rb1 b6 9. a3 Bb7 10. Bf4 d6 11. Qc1 Nf5 12. b4 Qe7 13. Nb5 Rfd8 14. Bg5 f6 15.
Bd2 cxb4 16. axb4 Rac8 17. e4 a6 18. exf5 axb5 19. fxe6 bxc4 20. dxc4 Ne5 21. Nxe5 Bxg2 22. Nxg6 hxg6 23.
Kxg2 Qxe6 24. Qc2 Rxc4 25. Qd3 f5 26. Rfe1 Qf7 27. Bg5 Rd4 28. Qb5 Rb8 29. Kg1 Be5 30. Rbc1 f4 31. Rxe5 fxg3 32.
hxg3 Rf8 33. Re2 Rd5 34. Qxb6 Rxg5 35. Qxd6 Qf3 36. Qe6+ Kh8 37. Rc5 Rxc5 38. bxc5 Rd8 39. Qe5+ Kg8 40. Re1 Rf8 41. Re2 Rd8 42.
Re1 Rf8 43. Re2 1/2-1/2

[Event "Chpt France Universitaire 2024"]
[Site "Bastia, France"]
[Date "2024.04.06"]
[Round "2.8"]
[White "Eveno, Nathan"]
[Black "Courjal, Pauline"]
[Result "1-0"]
[TimeControl "15min+5s"]
[WhiteElo "2192"]
[BlackElo "1982"]

1. e4 c5 2. Nf3 e6 3. b3 a6 4.
Bb2 Nc6 5. c4 Qc7 6. g3 Nf6 7. d3 Be7 8. Bg2 d6 9. O-O O-O 10. Nc3 e5 11. Qd2 Bg4 12. h3 Bxf3 13. Bxf3 Nd4 14.
Bg2 b5 15. f4 b4 16. Nd1 Nh5 17. Kh2 exf4 18. gxf4 Bh4 19. Ne3 Bg3+ 20. Kg1 Bxf4 21. Bxd4 cxd4 22. Nd5 Bxd2 23. Nxc7 Be3+ 24.
Kh2 Bf4+ 25. Kg1 Ra7 26. Nd5 Bd2 27. a3 Rb8 28. axb4 Bxb4 29. Bf3 Nf6 30. Nxf6+ gxf6 31. Bh5 Bc3 32.
Rab1 Kg7 33. Rf5 Rab7 34. Kh1 Rxb3 35.
Rg1+ Kf8 36. Rxf6 R8b7 37. Rxd6 a5 38.
Ra6 Rb1 39. Rxb1 Rxb1+ 40. Kg2 Ra1 41. Ra7 a4 42. Rxf7+ Kg8 43. Ra7 a3 44. c5 Bd2 45.
c6 Bf4 46. Bf7+ Kf8 47. Bc4 a2 48. Bxa2 Rc1 49. Rf7+ Ke8 50. Rxf4 1-0

[Event "Chpt France Universitaire 2024"]
[Site "Bastia, France"]
[Date "2024.04.06"]
[Round "2.9"]
[White "Sumarriva Paulin, Laura"]
[Black "Maache, Jawad"]
[Result "0-1"]
[TimeControl "15min+5s"]
[WhiteElo "2046"]
[BlackElo "2154"]

1. e4 d5 2. exd5 Qxd5 3. Nc3 Qa5 4. g3 Nf6 5. Bg2 Nc6 6. Nge2 h5 7. h4 Bg4 8. d3 O-O-O 9. Be3 Ne5 10.
b4 Qa3 11. Rb1 Nf3+ 12. Bxf3 Bxf3 13. O-O Qa6 14. Qd2 e5 15. Bg5 Qe6 16. Kh2 Ng4+ 17. Kg1 f6 18. Be3 g5 19. hxg5 h4 20.
gxf6 h3 0-1

[Event "Chpt France Universitaire 2024"]
[Site "Bastia, France"]
[Date "2024.04.06"]
[Round "2.10"]
[White "Cahen, Alexis"]
[Black "Leriche, Ines"]
[Result "1-0"]
[TimeControl "15min+5s"]
[WhiteElo "2060"]
[BlackElo "1964"]

1. d4 e6 2. Nf3 d5 3. Bf4 Nf6 4. e3 Bd6 5. Bg3 O-O 6. Nbd2 c5 7. c3 Nc6 8. Bd3 b6 9. Qe2 Bb7 10.
e4 dxe4 11. Nxe4 Be7 12. dxc5 bxc5 13. O-O Qb6 14. h3 Rfd8 15. Rad1 Rac8 16. Rfe1 Na5 17. Nfg5 h6 18. Nxf6+ Bxf6 19.
Ne4 Be7 20. Bf4 c4 21. Bb1 Bf8 22. Be3 Qc7 23. Bxa7 Nc6 24. Bc5 Bxc5 25. Nxc5 Ba8 26. Be4 Ne7 27. Bxa8 Rxa8 28. Rxd8+ Rxd8 29. Qxc4 Rc8 30. b4 Nd5 31.
Qd4 Ra8 32. a4 Nb6 33. a5 Nd5 34. a6 Qc6 35. Rb1 Rb8 36. Qc4 Qc7 37. b5 Nb6 38. Qd4 Rc8 39.
Ne4 f6 40. Rb4 e5 41. Qd6 Qa7 42. Qe6+ Kh7 43. Nd6 Rxc3 44. Rg4 Rc1+ 45. Kh2 Rb1 46. Nf5 g5 47. Qxf6 Rxb5 48. Qxh6+ Kg8 49. Rxg5+ 1-0

[Event "Chpt France Universitaire 2024"]
[Site "Bastia, France"]
[Date "2024.04.06"]
[Round "2.11"]
[White "Pheng, Wissam"]
[Black "Budak, Rewi"]
[Result "0-1"]
[TimeControl "15min+5s"]
[WhiteElo "1975"]
[BlackElo "2112"]

1. e4 c5 2. b3 Nf6 3. e5 Nd5 4. Bb2 Nc6 5. Nf3 e6 6.
c4 Nde7 7. Nc3 Nf5 8. Bd3 Nfd4 9. Nb5 Nxf3+ 10. Qxf3 a6 11. Nd6+ Bxd6 12. exd6 Nd4 13. Qh5 Qf6 14. O-O-O b6 15.
Be4 Rb8 16. Rhf1 g6 17. Qh6 b5 18. cxb5 Rxb5 19. Qe3 Qe5 20. Bd3 Qxd6 21. Bxb5 axb5 22. b4 O-O 23. Kb1 e5 24. bxc5 Qxc5 25.
Rc1 Qd5 26. f4 d6 27. Bxd4 Bf5+ 28. Ka1 exd4 29. Qb3 Qxg2 30. Rfd1 Rb8 31. Qb4 Qd5 32. d3 Ra8 33. Rd2 Bxd3 34.
a3 Bc4 35. Qb2 Qc5 36. Rd3 d5 37. Qxd4 Rxa3+ 38. Kb1 Rb3+ 39. Rxb3 Qxd4 40. Rb2 Bd3+ 41. Ka1 Qa4+ 42. Ra2 Qxf4 43.
Rd1 Qd4+ 44. Rb2 Qa4+ 0-1

[Event "Chpt France Universitaire 2024"]
[Site "Bastia, France"]
[Date "2024.04.06"]
[Round "2.12"]
[White "Roux, Baptiste"]
[Black "Alif, Yassine"]
[Result "1-0"]
[TimeControl "15min+5s"]
[WhiteElo "2361"]
[BlackElo "2003"]

1. e4 e5 2. Nf3 Nc6 3.
Bb5 a6 4. Ba4 Nf6 5. d4 exd4 6. O-O b5 7.
Bb3 d6 8. Ng5 Ne5 9. f4 Nc4 10. e5 Nd5 11. Bxc4 bxc4 12. Qxd4 c6 13. exd6 Qb6 14.
Re1+ Kd7 15. Qxb6 Nxb6 16. Nxf7 Rg8 17. Nc3 Bxd6 18. Rd1 Nd5 19. Nxd5 cxd5 20. Rxd5 Ke6 21. Rxd6+ Kxf7 22. Bd2 Bf5 23.
Bc3 Rge8 24. Kf2 Re7 25. Re1 Rxe1 26. Kxe1 Ra7 27. Rc6 Bxc2 28. Rxc4 Bf5 29. Kf2 Be6 30. Ra4 g6 31. Ke3 Bd5 32.
g3 Bc6 33. Rb4 a5 34. Rb6 Bd5 35. a4 Be6 36. Rb8 Re7 37. Be5 Bd7 38. b3 Ke6 39. Ra8 Kf5 40. Rxa5 Kg4 41. Ra7 Kh3 42.
Kf2 Kxh2 43. b4 h5 44.
b5 Kh3 45. b6 g5 46. b7 1-0

[Event "Chpt France Universitaire 2024"]
[Site "Bastia, France"]
[Date "2024.04.06"]
[Round "3.1"]
[White "Rakotomaharo, Fy Antenaina"]
[Black "Arcelin, Gael"]
[Result "1-0"]
[TimeControl "15min+5s"]
[WhiteElo "2448"]
[BlackElo "2126"]

1. e4 c5 2. a4 Nf6 3. e5 Nd5 4. Nc3 Nxc3 5. dxc3 Nc6 6. Nf3 e6 7. Bf4 Qb6 8. b3 Qc7 9. Qd2 b6 10.
h4 Bb7 11. h5 h6 12. O-O-O O-O-O 13. Rh3 Ne7 14. Kb2 g5 15. hxg6 Nxg6 16. Bd3 Bg7 17. Bxg6 fxg6 18. Bxh6 Bxf3 19.
gxf3 Bxe5 20. Rdh1 Kb7 21. Qe3 Rhg8 1-0

[Event "Chpt France Universitaire 2024"]
[Site "Bastia, France"]
[Date "2024.04.06"]
[Round "3.2"]
[White "Aghamir Alrobiai, Nizar"]
[Black "Gatineau, Yovann"]
[Result "0-1"]
[TimeControl "15min+5s"]
[WhiteElo "2098"]
[BlackElo "2408"]

1. e4 e6 2. d4 d5 3. Nd2 c5 4. Ngf3 cxd4 5. exd5 Qxd5 6. Bc4 Qd7 7. O-O Nf6 8. Nb3 Nc6 9. Nbxd4 Nxd4 10.
Qxd4 Qxd4 11. Nxd4 Bd7 12. Be2 Rc8 13. Bf3 Bc5 14. Nb3 Bb6 15. a4 Rxc2 16. a5 Bc7 17. Bxb7 O-O 18. Nd4 Rc5 19.
Bd2 Rb8 20. a6 Bb6 21. Nf3 Rc2 22. Bf4 Re8 23. Rac1 Rxb2 24. Be5 Ra2 25. Bd4 Bb5 26. Ra1 Rxa1 27. Rxa1 Nd7 28. Bxb6 Nxb6 29.
Rb1 Bc4 30. Ne5 Bd5 31. f3 Bxb7 32. axb7 Rb8 33. Rd1 f6 34. Nc6 Rxb7 35. Rd8+ Kf7 36. Kf2 Rc7 37. Na5 Nd5 38. Rb8 Rc2+ 39. Kg3 h5 40. h4 g5 41. Rb7+ Rc7 42.
Rb2 Kg6 43. hxg5 fxg5 44. Re2 Kf6 45. Nb3 h4+ 46. Kh2 Rc4 47.
Ra2 Rb4 48. Nd2 Rb7 49. Ne4+ Kg6 50. Nd6 Rd7 51. Nb5 Nf4 52. g3 hxg3+ 53. Kxg3 a6 54. Rxa6 Rd2 0-1

[Event "Chpt France Universitaire 2024"]
[Site "Bastia, France"]
[Date "2024.04.06"]
[Round "3.3"]
[White "Mathieu, Phileas"]
[Black "Baroyan, Davit"]
[Result "1/2-1/2"]
[TimeControl "15min+5s"]
[WhiteElo "2325"]
[BlackElo "2118"]

1. e4 c5 2. Nf3 d6 3. d4 cxd4 4. Nxd4 Nf6 5. Nc3 g6 6. Be3 Bg7 7. f3 O-O 8. Qd2 Nc6 9. O-O-O d5 10. exd5 Nxd5 11. Nxc6 bxc6 12. Bd4 e5 13. Bc5 Re8 14. Ne4 Qc7 15. h4 f5 16. Nd6 Rd8 17. Nxc8 Raxc8 18. Bc4 h5 19. Kb1 Kh7 20. g4 e4 21. Qf2 hxg4 22. h5 g5 23. fxe4 Nf4 24.
exf5 Rb8 25. Bb3 a5 26. h6 Bf6 27. Rxd8 Qxd8 28. Ba3 Bd4 29. Qg3 Qf6 30. c3 Be5 31. Qxg4 c5 32. Qd1 Qc6 33. Re1 Bf6 34. Ba4 Qb7 35. Qd6 Nd5 36. Bb3 c4 37. Bxc4 Nxc3+ 38. Kc1 Ne4 39. Rxe4 Qxe4 40. Qxb8 Qxc4+ 41. Kd1 Qd3+ 42. Kc1 Qxf5 43. Qh2 Be5 44. Qc2 Bf4+ 45. Kd1 Qxc2+ 46. Kxc2 g4 47. Bc5 Bh2 48. Kb3 g3 49. Ka4 g2 50. Kxa5 g1=Q 51. Bxg1 Bxg1 52. b4 Kxh6 53. b5 Kg6 54. b6 Kf6 55.
Ka6 Ke6 56. Kb7 Kd5 57. a4 Kc5 58. Kc7 Bh2+ 59. Kb7 Kb4 60. Ka6 Kxa4 61.
Kb7 1/2-1/2

[Event "Chpt France Universitaire 2024"]
[Site "Bastia, France"]
[Date "2024.04.06"]
[Round "3.4"]
[White "Harutyunyan, Safar"]
[Black "Hingouet, Matthieu"]
[Result "1-0"]
[TimeControl "15min+5s"]
[WhiteElo "2266"]
[BlackElo "2210"]

1. e4 c6 2. d4 d5 3. Nc3 dxe4 4. Nxe4 Nf6 5. Nxf6+ exf6 6. c3 Bd6 7.
Bd3 Na6 8. Qe2+ Be6 9. d5 cxd5 10.
Bb5+ Kf8 11. Be3 Nc7 12. Bd3 h5 13. Nf3 g6 14. Nd4 Kg7 15. O-O-O Qd7 16. h3 h4 17. Rhe1 Rae8 18. Qd2 b5 19.
Kb1 Rb8 20. Rc1 b4 21. c4 dxc4 22. Nxe6+ Nxe6 23. Bxc4 Rhe8 24. Red1 Rbd8 25. Qd5 Qe7 26. Qe4 Rh8 27. Re1 Rhe8 28. Qxh4 g5 29. Qg4 Nf4 30. Ka1 Qe4 31. g3 Ng6 1-0